 Dungeon Crawl Stone Soup version 0.21.1-1-g345015f (webtiles) character file.

5655 JeffiDaFish the Thaumaturge (level 10, -3/55 HPs)
             Began as a Deep Elf Fire Elementalist on Feb 19, 2018.
             Was a Believer of Vehumet.
             Killed from afar by a catoblepas (5 damage)
             ... with a blast of calcifying dust
             ... on level 9 of the Dungeon.
             The game lasted 00:33:55 (9768 turns).

JeffiDaFish the Thaumaturge (DEFE)                  Turns: 9768, Time: 00:33:55

Health: -3/55      AC:  7    Str:  3    XL:     10   Next: 46%
Magic:  30/34      EV: 17    Int: 24    God:    Vehumet [**....]
Gold:   172        SH:  0    Dex: 15    Spells: 17/33 levels left

rFire    . . .     SeeInvis +   k - +1 short sword (venom)
rCold    . . .     Gourm    .   (no shield)
rNeg     . . .     Faith    .   h - +0 robe
rPois    .         Spirit   .   a - +2 hat {SInv}
rElec    .         Reflect  .   q - +0 cloak
rCorr    .         Harm     .   n - +0 pair of gloves
MR       +....                  z - +0 pair of boots {Stlth+}
Stlth    +++.......             i - amulet of magic regeneration
HPRegen  0.18/turn              m - ring of magical power
MPRegen  0.49/turn              v - ring of flight

@: no status effects
A: low mp 1, robust 1, weak 1
a: Renounce Religion, Evoke Flight


You were on level 9 of the Dungeon.
You worshipped Vehumet.
Vehumet was pleased with you.
You were not hungry.

You visited 2 branches of the dungeon, and saw 10 of its levels.

You collected 399 gold pieces.
You spent 227 gold pieces at shops.

Inventory:

Hand Weapons
 k - a +1 short sword of venom (weapon)
 y - a +0 great sword
Armour
 a - a +2 hat of see invisible (worn)
 g - the cursed +0 leather armour of the Teacher {rF++ MR++}
   (You bought it in a shop on level 8 of the Dungeon)

   It greatly protects you from fire.
   It affects your resistance to hostile enchantments.
   It has a curse placed upon it.
 h - a +0 robe (worn)
 n - a +0 pair of gloves (worn)
 q - a +0 cloak (worn)
 z - a +0 pair of boots of stealth (worn)
Jewellery
 i - an amulet of magic regeneration (around neck)
 m - a ring of magical power (left hand)
 p - an uncursed ring of poison resistance
 v - a ring of flight (right hand)
Wands
 o - a wand of scattershot (5)
 s - a wand of iceblast (7)
 u - a wand of digging (14)
 x - a wand of acid (11)
Scrolls
 d - 3 scrolls of identify
 e - 3 scrolls of teleportation
 f - 5 scrolls of magic mapping
 r - 2 scrolls of amnesia
 t - 5 scrolls of remove curse
 w - a scroll of fog
Potions
 j - a potion of heal wounds
 l - a potion of curing
Books
 b - a book of Flames

   Spells                             Type                      Level
   a - Flame Tongue                   Conjuration/Fire             1
   b - Throw Flame                    Conjuration/Fire             2
   c - Conjure Flame                  Conjuration/Fire             3
   d - Inner Flame                    Hexes/Fire                   3
   e - Sticky Flame                   Conjuration/Fire             4
   f - Fireball                       Conjuration/Fire             5
Comestibles
 c - 15 rations


   Skills:
 * Level 7.2 Dodging
 - Level 2.5 Stealth
 * Level 12.1 Spellcasting
 + Level 7.1 Conjurations
 + Level 4.9 Hexes
 + Level 9.8 Fire Magic


You had 17 spell levels left.
You knew the following spells:

 Your Spells              Type           Power        Failure   Level  Hunger
a - Flame Tongue          Conj/Fire      #####        1%          1    None
b - Conjure Flame         Conj/Fire      ######..     1%          3    None
c - Sticky Flame          Conj/Fire      ######..     1%          4    None
d - Inner Flame           Hex/Fire       ######..     1%          3    None
e - Fireball              Conj/Fire      ######....   3%          5    ###....


Dungeon Overview and Level Annotations

Branches:
Dungeon (9/15)             Temple (1/1) D:6
   Lair: D:8-11         Orc: D:9-12

Altars:
Ashenzari
Cheibriados
Dithmenos
Elyvilon
Fedhas
Gozag
Hepliaklqana
Kikubaaqudgha
Makhleb
Nemelex Xobeh
Qazlal
Ru
Sif Muna
Trog
Uskayaw
Vehumet
Xom
Yredelemnul
Zin
The Shining One

Shops:
D:5 [   D:8 [


Innate Abilities, Weirdness & Mutations

Your magical capacity is low. (-10% MP)
You are robust. (+10% HP)
You are weak. (Str -2)


Message History

The catoblepas burns!
The catoblepas burns!
Casting: Sticky Flame
Confirm with . or Enter, or press ? or * to list all spells.
Aiming: Sticky Flame
Press: ? - help, Shift-Dir - straight line, f/p - catoblepas
Aim: a catoblepas (moderately wounded, covered in liquid flames)
The sticky flame hits the catoblepas.
The catoblepas is moderately wounded.
The catoblepas is covered in liquid flames!
The catoblepas burns!
The catoblepas gores you!!
* * * LOW HITPOINT WARNING * * *
The catoblepas burns!
The catoblepas burns!
The catoblepas burns!
The catoblepas burns!
The catoblepas burns!
The catoblepas breathes a plume of calcifying dust at you.
The blast of calcifying dust hits you!
You die...

#########################
...............<.........
#######...######........#
#...# #........# #...#
#........# #...#
#........# #...#
#@.......# #...#
#ยง.......# #..(#
#Y.......# #...#
#........# #..>#
#........# #...#
#........# #...#
#........# # #...#
#........# #
#...######(.......#


You could see a catoblepas (burning).

Vanquished Creatures
  The ghost of MrWiggles77 the Ruffian, a novice DrTm (D:4)
  A queen bee (D:8)
  A hippogriff (D:9)
  A hornet (D:7)
  Sigmund (D:3)
  A wyvern (D:6)
  A hungry ghost (D:9)
  The ghost of lanetrain the Chiller, an amateur MfIE of Nemelex Xobeh (D:3)
  3 wargs (D:9)
  A water moccasin (D:8)
  4 orc warriors
  2 sky beasts
  A phantom (D:8)
  A black bear (D:6)
  An ogre (D:9)
  2 centaurs (D:7)
  5 bullfrogs
  4 scorpions
  15 killer bees
  4 wights (D:7)
  7 crimson imps
  2 howler monkeys
  2 lava snakes (D:8)
  3 hounds
  A jelly (D:6)
  A bullfrog skeleton (D:5)
  A quasit (D:9)
  3 orc priests
  3 iguanas
  8 orc wizards
  Ijyb (D:3)
  8 worker ants
  A hound zombie (D:9)
  3 howler monkey skeletons
  11 adders
  2 shadow imps (D:6)
  2 adder skeletons (D:8)
  3 worms
  5 dart slugs
  A leopard gecko (D:1)
  16 orcs
  2 ball pythons
  5 giant cockroaches
  7 goblins
  7 hobgoblins
  15 jackals
  9 kobolds
  6 quokkas
  3 bats
  4 frilled lizards
  A giant cockroach zombie (D:5)
  A jackal skeleton (D:6)
  A leopard gecko zombie (D:5)
  A quokka skeleton (D:4)
  3 rats (D:1)
200 creatures vanquished.

Notes
Turn   | Place    | Note
-------+----------+-------------------------------------------
     0 | D:1      | JeffiDaFish the Deep Elf Fire Elementalist began the quest for the Orb.
     0 | D:1      | Reached XP level 1. HP: 10/10 MP: 6/6
   153 | D:1      | Reached XP level 2. HP: 14/15 MP: 5/8
   502 | D:1      | Reached XP level 3. HP: 10/19 MP: 0/10
  1133 | D:1      | Reached skill level 4 in Spellcasting
  1327 | D:2      | Learned a level 3 spell: Conjure Flame
  1781 | D:2      | Found a shadowy altar of Dithmenos.
  1800 | D:2      | Gained mutation: You are weak. (Str -2) [potion of mutation]
  1800 | D:2      | Gained mutation: Your magical capacity is low. (-10% MP) [potion of mutation]
  1800 | D:2      | Gained mutation: You are robust. (+10% HP) [potion of mutation]
  1947 | D:3      | Reached XP level 4. HP: 26/26 MP: 11/11
  1966 | D:3      | Found an ancient bone altar of Kikubaaqudgha.
  1973 | D:3      | Noticed lanetrain's ghost (amateur MfIE)
  1998 | D:2      | Learned a level 4 spell: Sticky Flame
  2006 | D:3      | Noticed Sigmund
  2024 | D:3      | Killed Sigmund
  2024 | D:3      | Reached skill level 5 in Spellcasting
  2024 | D:3      | Reached skill level 5 in Fire Magic
  2024 | D:3      | Reached XP level 5. HP: 10/30 MP: 13/13
  2245 | D:3      | Killed lanetrain's ghost
  2245 | D:3      | Reached skill level 6 in Spellcasting
  2245 | D:3      | Reached XP level 6. HP: 35/35 MP: 12/15
  2250 | D:3      | Learned a level 3 spell: Inner Flame
  2295 | D:3      | Found a blossoming altar of Fedhas.
  2299 | D:3      | Noticed Ijyb
  2308 | D:3      | Killed Ijyb
  2566 | D:3      | Learned a level 5 spell: Fireball
  3285 | D:4      | Noticed MrWiggles77's ghost (novice DrTm)
  3303 | D:4      | Killed MrWiggles77's ghost
  3303 | D:4      | Reached skill level 7 in Spellcasting
  3303 | D:4      | Reached XP level 7. HP: 34/39 MP: 18/18
  4025 | D:5      | Entered Level 5 of the Dungeon
  4031 | D:5      | Found Wikh's Armour Shop.
  4058 | D:5      | Bought a +0 cloak for 45 gold pieces
  4352 | D:5      | Reached skill level 8 in Spellcasting
  4709 | D:6      | Reached XP level 8. HP: 27/45 MP: 16/20
  5030 | D:6      | Reached skill level 9 in Spellcasting
  5057 | D:6      | Reached skill level 5 in Conjurations
  5458 | D:6      | Found a shattered altar of Ashenzari.
  5640 | D:6      | Reached skill level 10 in Spellcasting
  5794 | D:6      | Found a staircase to the Ecumenical Temple.
  5803 | Temple   | Entered the Ecumenical Temple
  5882 | Temple   | Became a worshipper of Vehumet
  5962 | D:7      | Reached XP level 9. HP: 42/49 MP: 22/22
  6332 | D:7      | Reached skill level 1 in Hexes
  6991 | D:7      | Reached * piety under Vehumet
  6991 | D:7      | Offered knowledge of Sting by Vehumet.
  6991 | D:7      | Reached skill level 11 in Spellcasting
  7237 | D:7      | Reached skill level 5 in Dodging
  7776 | D:8      | Noticed a queen bee
  7777 | D:8      | Killed a queen bee
  7777 | D:8      | Reached XP level 10. HP: 54/55 MP: 12/24
  8312 | D:8      | You fall through a shaft!
  8321 | D:9      | Offered knowledge of Searing Ray by Vehumet.
  8322 | D:9      | Reached ** piety under Vehumet
  8632 | D:9      | Reached skill level 12 in Spellcasting
  8636 | D:9      | Noticed a catoblepas
  9110 | D:8      | Found Ypitrau's Antique Armour Boutique.
  9116 | D:8      | Bought an ichor-stained leather armour for 182 gold pieces
  9116 | D:8      | Identified the cursed +0 leather armour of the Teacher {rF++ MR++} (You bought it in a shop on level 8 of the Dungeon)
  9601 | D:8      | Found a hide-covered altar of Uskayaw.
  9601 | D:8      | Found a bloodstained altar of Trog.
  9763 | D:9      | HP: 2/55 [catoblepas (24)]
  9768 | D:9      | Killed from afar by a catoblepas

Skill      XL: |  1  2  3  4  5  6  7  8  9 10 |
---------------+-------------------------------+-----
Fire Magic     | 4 5 6 7 8 9 |  9.8
Spellcasting   | 4 5 6 7 8 10 11 12 | 12.1
Conjurations   | 2 3 4 5 6 7 |  7.1
Dodging        | 6 7 |  7.2
Hexes          | 3 4 |  4.9
Stealth        | |  2.5

Action                   |  1- 3 |  4- 6 |  7- 9 | 10-12 || total
-------------------------+-------+-------+-------+-------++-------
Melee: Hand axe          |     6 |       |       |       ||     6
       Dagger            |    38 |       |       |       ||    38
       Short sword       |     3 |    57 |   236 |    25 ||   321
 Cast: Flame Tongue      |    56 |    40 |    68 |    48 ||   212
       Sticky Flame      |       |     7 |    49 |    22 ||    78
       Conjure Flame     |       |     3 |     1 |       ||     4
       Fireball          |       |       |    11 |     6 ||    17
Evoke: Wand              |       |       |       |     4 ||     4
  Use: Scroll            |     9 |       |     5 |     3 ||    17
       Potion            |     4 |     2 |     5 |     2 ||    13
 Stab: Sleeping          |     4 |     2 |     1 |       ||     7
  Eat: Chunk             |     3 |     5 |    12 |     3 ||    23
       Ration            |       |       |     1 |     2 ||     3
Armor: Robe              |    13 |    11 |    76 |    17 ||   117
Dodge: Dodged            |    50 |    51 |   231 |    52 ||   384
